 Dungeon Crawl Stone Soup version 0.28-a0-664-gc179e30c89 (webtiles) character file.

Game seed: 6894820633877145203

86 mordus the Shield-Bearer (level 4, -1/35 HPs)
             Began as a Formicid Fighter on Oct 15, 2021.
             Slain by Natasha (6 damage)
             ... on level 4 of the Dungeon.
             The game lasted 00:07:01 (3179 turns).

mordus the Shield-Bearer (Formicid Fighter)         Turns: 3179, Time: 00:07:02

Health: -1/35      AC: 11    Str: 22    XL:     4   Next: 78%
Magic:  4/4        EV:  8    Int:  7    God:
Gold:   69         SH:  4    Dex: 10    Spells: 3/3 levels left

rFire   . . .      SeeInvis +   a - +1 flail
rCold   . . .      Faith    .   c - +0 buckler
rNeg    . . .      Spirit   .   i - +0 chain mail
rPois   .          Reflect  .   (helmet unavailable)
rElec   .          Harm     .   g - +0 cloak
rCorr   .          Rampage  .   (no gloves)
Will    .....                   n - +0 pair of boots
Stlth   ..........              (no amulet)
HPRegen 0.11/turn               (no ring)
MPRegen 0.09/turn               (no ring)

@: no status effects
A: permanent stasis, dig shafts and tunnels, antennae 3, four strong arms
a: Dig, Shaft Self


You were on level 4 of the Dungeon.
You visited 1 branch of the dungeon, and saw 4 of its levels.

You collected 69 gold pieces.

Inventory:

Hand Weapons
 a - a +1 flail (weapon)
Armour
 b - a +0 scale mail
 c - a +0 buckler (worn)
 g - a +0 cloak (worn)
 i - a +0 chain mail (worn)
 n - a +0 pair of boots (worn)
Jewellery
 f - a ring of fire
Wands
 m - a wand of acid (7)
Scrolls
 e - a scroll of identify {unknown}
 h - a scroll of magic mapping
Potions
 d - a potion of might


   Skills:
 - Level 3.2 Fighting
 * Level 3.5 Maces & Flails
 + Level 4.0 Armour
 + Level 4.3 Shields


You had 3 spell levels left.
You didn't know any spells.
Your spell library contained the following spells:

 Spells                   Type           Power      Damage    Failure   Level
 Animate Skeleton         Necr           0%         N/A       98%         1
 Apportation              Tloc           0%         N/A       98%         1
 Freeze                   Ice            0%         1d3       98%         1
 Shock                    Conj/Air       0%         1d3       98%         1
 Summon Small Mammal      Summ           0%         N/A       98%         1
 Conjure Flame            Conj/Fire      0%         6-21      100%        3
 Frozen Ramparts          Ice            0%         1d2       100%        3
 Ignite Poison            Fire/Tmut/Pois 0%         N/A       100%        3
 Mephitic Cloud           Conj/Pois/Air  0%         N/A       100%        3
 Airstrike                Air            0%         N/A       100%        4
 Hailstorm                Conj/Ice       0%         3d3       100%        4
 Sticky Flame             Conj/Fire      0%         2d3       100%        4
 Freezing Cloud           Conj/Ice/Air   0%         6-21      100%        5
 Swiftness                Air            Unusable   N/A       N/A         3

Dungeon Overview and Level Annotations

Branches:
Dungeon (3/15)             Temple (0/1) D:4

Altars:

Shops:
D:2 (

Annotations:
D:4 Natasha, Pikel


Innate Abilities, Weirdness & Mutations

You cannot be hasted, slowed, berserked, paralysed or teleported.
You can dig through walls and to a lower floor.
You have a pair of large antennae on your head. (SInv)
Your four strong arms can wield two-handed weapons with a shield.


Message History

You block the jackal's attack.
You open the door.
The jackal bites you but does no damage. x2
The lemure hits you but does no damage. The jackal completely misses you.
There is an open door here.
You extend your mandibles.
You dig through the rock wall.
The jackal barely misses you. x2
You retract your mandibles.
The jackal misses you.
The jackal bites you but does no damage.
The jackal bites you but does no damage.
The jackal closely misses you. You block the jackal's attack.
The jackal bites you but does no damage.
Found 10 gold pieces.
A giant cockroach, an ogre and Natasha come into view.
Natasha hisses angrily.
The ogre shouts!
Natasha drinks a potion.
Natasha flickers and vanishes for a moment.
Found a pair of boots.
Natasha stares at you and mumbles some strange words.
The magic dart hits you.
* * * LOW HITPOINT WARNING * * *
You block the giant cockroach's attack. The jackal completely misses you.
Found a stone staircase leading down.
The giant cockroach bites you but does no damage.
Found a staircase to the Ecumenical Temple.
Natasha casts a spell at you.
Your stasis prevents you from being slowed.
The ogre closely misses you. The giant cockroach bites you.
* * * LOW HITPOINT WARNING * * *
Natasha stares at you and mumbles some strange words.
You resist with some effort.
Natasha howls an incantation.
You feel troubled.
The giant cockroach waves its antennae.
The jackal barely misses you. The jackal closely misses you.
The giant cockroach bites you but does no damage.
Natasha claws you.
You die...

#...... #...... #......
#...... #############
#...... ............#
#...... ........h...#
#.....K .......@B...#
#...... ........hh..#
#.....#
......≈≈≈..O#+####.....+
.....≈§§§≈....K........#
....≈≈§≈§≈≈5.........$.#
####≈§§>≈§≈.......######
..≈≈≈≈§≈§.......#
...≈§§§≈........#
...§≈≈.........+


You could see Pikel, an ogre, a lemure, Natasha (invisible), 2 jackals and a
giant cockroach.

Vanquished Creatures
  3 adders (D:2)
  A worm (D:3)
  2 dart slugs
  5 bats
  5 endoplasms
  3 giant cockroaches
  3 goblins
  9 hobgoblins
  A quokka (D:1)
  6 ball pythons
  A frilled lizard (D:2)
  5 kobolds
  4 rats (D:1)
48 creatures vanquished.

Notes
Turn   | Place    | Note
-------+----------+-------------------------------------------
     0 | D:1      | mordus the Formicid Fighter began the quest for the Orb.
     0 | D:1      | Reached XP level 1. HP: 18/18 MP: 1/1
    81 | D:1      | Reached XP level 2. HP: 22/24 MP: 2/2
   593 | D:1      | Reached XP level 3. HP: 29/29 MP: 3/3
   932 | D:1      | Found a faded altar of an unknown god.
  1620 | D:2      | Found Roebbefu's Weapon Boutique.
  1659 | D:2      | Reached XP level 4. HP: 32/35 MP: 4/4
  3071 | D:3      | You fall into a shaft and drop 1 floor!
  3083 | D:4      | Noticed a lemure
  3084 | D:4      | Noticed Pikel
  3084 | D:4      | Noticed a lemure
  3084 | D:4      | Noticed a lemure
  3085 | D:4      | Noticed a lemure
  3167 | D:4      | Noticed Natasha
  3167 | D:4      | Noticed an ogre
  3172 | D:4      | Found a staircase to the Ecumenical Temple.
  3179 | D:4      | Slain by Natasha

Illustrated notes

Levels and vault maps discovered:
D:1:      dpeg_arrival_windows_large_door, layout_basic,
          hellmonk_ecumenical_altar_inner_sanctum, st_stairs_10
D:2:      layout_basic, serial_shops, shop
D:3:      layout_loops_cross
D:4:      layout_gridville, minmay_temple_entry_mist, uniq_crazy_yiuf_cottage,
          uniq_pikel, uniq_blork_the_orc, uniq_natasha

Skill      XL: |  1  2  3  4 |
---------------+-------------+-----
Shields        | 4 |  4.3
Maces & Flails | 3 |  3.5
Armour         | 4 |  4.0
Fighting       | |  3.2

Action                   |  1- 3 |  4- 6 || total
-------------------------+-------+-------++-------
Melee: Flail             |   128 |    54 ||   182
 Abil: Dig               |       |     2 ||     2
  Use: Scroll            |       |     4 ||     4
       Potion            |       |     2 ||     2
Armor: Scale mail        |    20 |       ||    20
       Chain mail        |    49 |    48 ||    97
Dodge: Dodged            |    46 |    32 ||    78
Block: Buckler           |    30 |    15 ||    45

Table legend: (Time is in decaauts)
 A = Elapsed time spent in this place.
 B = Non-inter-level travel time spent in this place.
 C = Inter-level travel time spent in this place.
 D = Time resting spent in this place.
 E = Time spent auto-exploring this place.
 F = Levels seen in this place.
 G = Mean time per level.
                   A        B        C        D        E       F      G
               +--------+--------+--------+--------+--------+-----+--------+
         Total |   3224 |   3081 |    143 |    704 |   1771 |   4 |  806.0 |
       Dungeon |   3224 |   3081 |    143 |    704 |   1771 |   4 |  806.0 |
               +--------+--------+--------+--------+--------+-----+--------+

Top non-repeatable levels by time:
     D:2: 1649 daAuts
     D:1: 1136 daAuts
     D:3: 329 daAuts
     D:4: 109 daAuts
